Map: Abyssal Reef LE

Players

winner

  • Race: Terran Terran
  • Spawn Location: 11:00

Metamyth - Winner!

  • Race: Zerg Zerg
  • League: Master
  • Spawn Location: 5:00

VOD

Have the link to the VOD?

Description

Time

  • Played on: March 1, 2025, 8:12 a.m.
  • Length: 12:11
Show
View Real Time Build Order
Export as new Build Order

winner Terran 

Build Orders: 1/1/1 

Get SALT Encoding   

  12  0:00  SCV  
  13  0:12  SCV  
  14  0:17  Supply Depot  
  14  0:26  SCV  
  15  0:29  Refinery  
  15  0:39  SCV  
  16  0:46  Barracks  
  16  0:51  SCV  
  16  0:56  Refinery  
  17  1:03  SCV  
  18  1:15  SCV  
  19  1:34  Orbital Command  
  19  1:35  Factory  
  19  1:37  Marine  
  20  1:49  Supply Depot  
  20  1:55  Marine  
  20  2:00  SCV  
  22  2:12  SCV  
  23  2:20  Marine, Factory Tech Lab  
  24  2:24  SCV  
  24  2:26  Starport  
  25  2:39  SCV  
  25  2:41  Siege Tank  
  29  2:47  Supply Depot  
  29  2:51  SCV  
  30  3:03  SCV, Fusion Core  
  31  3:06  Starport Tech Lab  
  31  3:21  Hellion  
  33  3:32  Command Center  
  33  3:46  SCV  
  34  4:14  Hellion  
  34  4:15  Supply Depot, Battlecruiser  
  43  4:21  Factory  
  42  4:29  Weapon Refit  
  42  4:32  SCV  
  42  4:36  Hellion  
  45  4:57  Refinery, Bunker, Hellion  
  45  4:58  SCV  
  48  5:05  Orbital Command  
  48  5:24  Battlecruiser  
  48  5:44  SCV x2  
  44  5:52  Refinery  
  44  5:55  Hellion  
  44  5:56  Infernal Pre-Igniter, Hellion, SCV x2  
  50  6:11  SCV x2, Armory  
  52  6:22  Factory Reactor  
  52  6:23  Hellion, SCV x2  
  56  6:31  Battlecruiser  
  62  6:46  Siege Tank  
  63  6:57  SCV x2  
  63  7:06  Hellion x2  
  65  7:09  SCV x2  
  67  7:19  Hellion  
  67  7:21  SCV  
  70  7:37  Command Center  
  70  7:42  Supply Depot  
  70  7:43  Terran Vehicle Weapons Level 1  
  70  7:44  Supply Depot  
  70  7:45  Supply Depot  
  70  7:46  Supply Depot  
  70  8:04  SCV x2, Battlecruiser  
  78  8:05  Siege Tank  
  78  8:06  Hellion x2  
  85  8:19  Factory  
  85  8:21  Factory  
  85  8:23  SCV x2  
  87  8:31  Mag-Field Accelerator  
  87  8:33  Hellion x2  
  91  8:35  SCV x2  
  91  8:38  Cyclone  
  96  8:51  Orbital Command  
  96  8:54  Hellion, Engineering Bay  
  96  8:55  Hellion  
  100  8:56  SCV x2  
  100  8:58  Supply Depot  
  100  9:01  Supply Depot  
  102  9:08  SCV x2  
  102  9:09  Factory Tech Lab x2  
  73  9:32  Battlecruiser  
  73  9:33  Cyclone x2  
  75  9:42  SCV x3  
  73  9:54  SCV x2  
  73  9:55  SCV, Missile Turret  
  73  9:56  Missile Turret  
  76  10:05  Cyclone  
  76  10:06  Cyclone, SCV x2  
  84  10:07  SCV  
  85  10:23  Orbital Command  
  69  10:36  Battlecruiser  
  69  10:37  Cyclone  
  69  10:38  Hellion  
  69  10:39  Hellion x2  
  62  10:50  SCV x3  
  64  11:02  SCV  
  62  11:10  Cyclone x2  
  59  11:11  Hellion  
  42  11:30  Cyclone, Hellion  
  45  11:32  Hellion  
Show
View Real Time Build Order
Export as new Build Order

Metamyth Zerg - Winner!

Build Orders: Hatch First 

Get SALT Encoding   

  12  0:00  Drone  
  13  0:13  Overlord  
  13  0:17  Drone  
  14  0:31  Drone x2  
  16  0:48  Hatchery  
  15  0:50  Drone  
  15  0:53  Drone  
  17  0:57  Drone  
  18  1:07  Extractor  
  17  1:14  Spawning Pool  
  17  1:16  Drone  
  17  1:20  Drone  
  18  1:28  Drone  
  19  1:39  Drone  
  20  1:49  Overlord  
  20  2:00  Queen x2  
  24  2:01  Zergling x2  
  24  2:03  Zergling x2  
  26  2:24  Hatchery  
  26  2:25  Metabolic Boost  
  25  2:32  Drone  
  25  2:33  Drone  
  28  2:37  Drone x2  
  28  2:43  Drone x2  
  31  2:45  Drone  
  31  2:50  Overlord  
  32  2:58  Queen  
  32  3:01  Drone  
  35  3:06  Drone  
  35  3:10  Drone  
  35  3:11  Drone x2  
  39  3:14  Overlord  
  39  3:18  Drone x2  
  41  3:25  Drone  
  42  3:28  Drone  
  43  3:34  Overlord  
  43  3:37  Queen  
  45  3:42  Drone x3  
  45  3:46  Overlord x2  
  48  4:00  Queen  
  48  4:02  Overlord  
  50  4:03  Queen  
  50  4:09  Drone x2  
  55  4:10  Drone x3  
  55  4:13  Spore Crawler  
  55  4:15  Spore Crawler  
  55  4:17  Spore Crawler  
  54  4:25  Queen  
  54  4:28  Drone x4  
  60  4:36  Queen  
  60  4:38  Spore Crawler  
  61  4:41  Spore Crawler  
  61  4:44  Spore Crawler  
  58  4:49  Drone  
  58  4:50  Drone x2  
  58  4:51  Roach Warren  
  58  4:52  Drone x2  
  62  4:58  Drone x3  
  65  5:01  Zergling x4  
  65  5:02  Zergling x2  
  68  5:07  Drone  
  68  5:08  Drone x4  
  73  5:17  Lair  
  73  5:34  Queen  
  73  5:35  Queen  
  66  5:46  Overlord x2  
  66  5:48  Drone x9, Extractor  
  66  5:49  Drone  
  73  6:00  Extractor  
  72  6:05  Drone x2  
  72  6:06  Drone x4  
  72  6:07  Drone, Extractor  
  72  6:08  Drone x3  
  72  6:09  Queen, Extractor  
  82  6:16  Hatchery  
  81  6:18  Evolution Chamber  
  81  6:19  Glial Reconstitution  
  81  6:20  Evolution Chamber  
  79  6:29  Overseer  
  79  6:30  Extractor  
  79  6:32  Drone  
  75  6:47  Roach x2  
  75  6:48  Roach x5  
  89  7:00  Overlord x3  
  88  7:06  Overlord x2  
  88  7:07  Overlord x2  
  88  7:14  Zerg Ground Armor Level 1, Zerg Missile Weapons Level 1  
  88  7:18  Queen, Overlord x2  
  88  7:29  Roach x2  
  96  7:30  Roach x5  
  102  7:38  Queen  
  102  7:40  Drone x3  
  107  7:49  Spore Crawler  
  106  7:53  Roach  
  106  7:54  Roach x6  
  118  8:04  Drone x2, Spore Crawler  
  118  8:05  Drone x3  
  122  8:07  Spore Crawler  
  121  8:13  Drone, Spire  
  121  8:18  Drone  
  121  8:19  Drone x3  
  125  8:32  Drone  
  125  8:33  Drone x3  
  129  8:36  Roach  
  129  8:37  Roach x5  
  141  8:46  Drone x2  
  143  8:50  Ravager  
  143  8:51  Ravager x6  
  143  8:52  Ravager  
  151  9:00  Overlord x4  
  151  9:01  Overlord x2  
  129  9:31  Roach x14  
  125  9:32  Roach  
  133  9:44  Drone, Extractor  
  133  9:45  Drone x4  
  125  9:46  Extractor  
  125  9:51  Corruptor  
  122  9:57  Corruptor x4  
  121  10:08  Corruptor x3  
  121  10:09  Corruptor x2  
  126  10:14  Corruptor x2  
  126  10:15  Corruptor  
  129  10:25  Corruptor  
  126  10:32  Zergling x20  
  133  10:44  Overseer  
  133  10:47  Queen  
  135  10:54  Roach x8  
  135  11:10  Roach  
  135  11:11  Roach x3  
  136  11:15  Zergling x4  
  125  11:26  Roach x4  
  125  11:27  Roach  
  125  11:31  Drone  
  125  11:32  Drone x3  
  137  11:33  Drone  
  137  11:38  Roach  
  140  11:49  Roach x3  
  145  12:08  Extractor  
Tags
 
Add a new tag
Caveats
  • Supply blocks, unpowered buildings, or Contaminate may cause inaccurate times.
  • Supply counts are checked every 10 seconds.